 Dungeon Crawl Stone Soup version 0.26.1-11-gd32895ea62 (webtiles) character file.

Game seed: 14349289721445063426

4678 Sopht the Cruncher (level 10, -6/77 HPs)
             Began as a Minotaur Gladiator on July 19, 2021.
             Was a Follower of Qazlal.
             Mangled by a death yak (21 damage)
             ... on level 9 of the Dungeon.
             The game lasted 00:56:24 (7668 turns).

Sopht the Cruncher (Minotaur Gladiator)             Turns: 7668, Time: 00:56:24

Health: -6/77      AC:  7    Str: 23    XL:     10   Next: 21%
Magic:  10/10      EV: 15    Int: 11    God:    Qazlal [*.....]
Gold:   126        SH:  2    Dex: 14    Spells: 9/9 levels left

rFire    . . .     SeeInvis .   g - +4 quarterstaff (chaos)
rCold    . . .     Faith    .   (shield currently unavailable)
rNeg     . . .     Spirit   .   A - +1 leather armour of Citticas {Dex+3}
rPois    .         Reflect  .   c - +1 hat
rElec    .         Harm     .   t - +0 cloak
rCorr    .         Rampage  .   (no gloves)
Will     .....                  (no boots)
Stlth    +++.......             (no amulet)
HPRegen  0.22/turn              j - +6 ring of intelligence
MPRegen  0.12/turn              B - ring of stealth

@: hasted (expiring), very quick
A: retaliatory headbutt, horns 2, talons 1, frail 1, high mp 1, MP-powered wands
a: Renounce Religion


You were on level 9 of the Dungeon.
You worshipped Qazlal.
Qazlal was aware of your devotion.
You visited 2 branches of the dungeon, and saw 10 of its levels.

You collected 486 gold pieces.
You spent 360 gold pieces at shops.

Inventory:

Hand Weapons
 a - a +1 long sword
 g - a +4 quarterstaff of chaos (weapon)
 r - the +2 dagger of Qeimioss {freeze, rPois rF- Dex+2 Stlth+}
   (You found it on level 6 of the Dungeon)

   It has been specially enchanted to freeze those struck by it, causing extra
   injury to most foes and up to half again as much damage against particularly
   susceptible opponents.
   It can also slow down cold-blooded creatures.
   It affects your dexterity (+2).
   It makes you vulnerable to fire.
   It protects you from poison.
   It makes you more stealthy.
Missiles
 d - 3 throwing nets
 o - 37 poisoned darts
Armour
 c - a +1 hat (worn)
 n - a +0 scale mail
 t - a +0 cloak (worn)
 y - the +0 robe "Upluf" {Regen+ MP+9}
   (You found it on level 6 of the Dungeon)

   It affects your magic capacity (+9).
   It increases your rate of regeneration.
 A - the +1 leather armour of Citticas (worn) {Dex+3}
   (You found it on level 7 of the Dungeon)

   It affects your dexterity (+3).
Jewellery
 j - a +6 ring of intelligence (left hand)
 q - an uncursed ring of magical power
 s - an uncursed ring of fire
 B - a ring of stealth (right hand)
Wands
 i - a wand of random effects (45)
 m - a wand of paralysis (7) (quivered)
 p - a wand of iceblast (19)
 u - a wand of digging (3)
Scrolls
 b - 6 scrolls of remove curse
 e - 2 scrolls of teleportation
 h - a scroll of fear
Potions
 f - a potion of ambrosia
 w - a potion of resistance
 x - a potion of brilliance
 z - a potion of invisibility


   Skills:
 + Level 7.4 Fighting
 + Level 6.9 Long Blades
 + Level 10.8 Staves
 + Level 2.1 Throwing
 + Level 8.1 Armour
 + Level 6.6 Dodging
 + Level 2.1 Stealth


You had 9 spell levels left.
You didn't know any spells.
Your spell library contained the following spells:

 Spells                   Type           Power        Failure   Level
 Corona                   Hex            0%           36%         1
 Slow                     Hex            0%           52%         2
 Confusing Touch          Hex            0%           75%         3
 Gell's Gravitas          Tloc           0%           75%         3
 Inner Flame              Hex/Fire       0%           75%         3
 Portal Projectile        Hex/Tloc       0%           75%         3
 Cause Fear               Hex            0%           98%         4
 Leda's Liquefaction      Hex/Erth       0%           98%         4
 Petrify                  Tmut/Erth      0%           98%         4
 Metabolic Englaciation   Hex/Ice        0%           100%        5
 Yara's Violent Unravell  Hex/Tmut       0%           100%        5


Dungeon Overview and Level Annotations

Branches:
Dungeon (9/15)             Temple (1/1) D:5
   Lair: D:8-11         Orc: D:9-12

Altars:
Ashenzari
Cheibriados
Dithmenos
Elyvilon
Fedhas
Gozag
Hepliaklqana
Kikubaaqudgha
Makhleb
Nemelex Xobeh
Okawaru
Qazlal
Ru
Sif Muna
Trog
Uskayaw
Vehumet
Wu Jian
Xom
Yredelemnul
Zin
The Shining One

Shops:
D:5 :   D:6 !


Innate Abilities, Weirdness & Mutations

You reflexively headbutt those who attack you in melee.
You have a pair of horns on your head.
You have sharp toenails.
You are frail. (-10% HP)
You have an increased reservoir of magic. (+10% MP)
You expend magic power (3 MP) to strengthen your wands.


Message History

The death yak gores you but does no damage.
You fly downwards.
There is a stone staircase leading up here.
Okay, then.
You sock the death yak!
The death yak is moving more slowly.
You claw the death yak, but do no damage.
The death yak is heavily wounded.
The death yak gores you.
* * * LOW HITPOINT WARNING * * *
You feel better.
You float gracefully downwards.
The death yak gores you.
* * * LOW HITPOINT WARNING * * *
You sock the death yak!
You claw the death yak, but do no damage.
You headbutt the death yak, but do no damage.
The death yak is heavily wounded.
You sock the death yak! You freeze the death yak. You claw the death yak.
You headbutt the death yak, but do no damage.
The death yak is heavily wounded.
The death yak gores you!!
You die...

#. #. .
.. .. .##
.. ... ..
#.# .##.#
#.#.....#
#@......#
#.Y.#####
#...#
#...#
#....
#.#...
#......
#.......


You could see a death yak (fast, agile, petrifying).

Vanquished Creatures
  The ghost of vvl the Chiller, a novice DrIE of Kikubaaqudgha (D:6)
  The ghost of dtburroughs the Chopper, a novice MiBe of Trog (D:4)
  Maggie (D:6)
  Sigmund (D:4)
  Eustachio (D:5)
  3 yaks (D:7)
  Edmund (D:4)
  2 ice beasts
  2 phantoms
  A sky beast (D:7)
  4 ogres
  3 centaurs
  Blork the orc (D:6)
  A bullfrog (D:6)
  6 killer bees (D:6)
  7 wights
  7 orc wizards
  Crazy Yiuf (D:3)
  2 bullfrog skeletons
  A gnoll shaman (D:6)
  2 orc priests
  3 hounds
  Natasha (thrice) (D:3)
  2 iguanas
  4 worker ants
  A howler monkey skeleton (D:4)
  11 gnolls
  12 adders
  A shadow imp (D:2)
  4 ufetubi
  2 oozes
  An adder skeleton (D:4)
  4 worms
  2 dart slugs (D:1)
  3 leopard geckos
  17 orcs
  11 giant cockroaches
  4 goblins
  10 hobgoblins
  9 jackals
  3 quokkas
  A ball python (D:5)
  A ball python zombie (D:5)
  11 bats
  4 frilled lizards
  7 kobolds
  A leopard gecko skeleton (D:7)
  A quokka zombie (D:4)
  10 rats
192 creatures vanquished.

Notes
Turn   | Place    | Note
-------+----------+-------------------------------------------
     0 | D:1      | Sopht the Minotaur Gladiator began the quest for the Orb.
     0 | D:1      | Reached XP level 1. HP: 18/18 MP: 0/0
   122 | D:1      | Reached XP level 2. HP: 10/25 MP: 1/1
   404 | D:1      | Reached XP level 3. HP: 30/30 MP: 2/2
  1102 | D:2      | Reached skill level 5 in Long Blades
  1102 | D:2      | Reached XP level 4. HP: 35/37 MP: 3/3
  1364 | D:2      | Reached skill level 1 in Armour
  2482 | D:3      | Noticed Natasha
  2493 | D:3      | Killed Natasha
  2494 | D:3      | Reached XP level 5. HP: 45/45 MP: 4/4
  2574 | D:3      | Noticed Natasha
  2587 | D:3      | Killed Natasha
  2646 | D:3      | Found a runed translucent door.
  2647 | D:3      | Noticed Crazy Yiuf
  2661 | D:3      | Killed Crazy Yiuf
  2790 | D:3      | Noticed Natasha
  2795 | D:3      | Killed Natasha
  3001 | D:3      | Reached XP level 6. HP: 35/51 MP: 5/5
  3287 | D:4      | Reached skill level 1 in Staves
  3451 | D:4      | Reached skill level 2 in Staves
  3451 | D:4      | Reached XP level 7. HP: 32/58 MP: 6/6
  3539 | D:4      | Found a runed translucent gate.
  3641 | D:4      | Found a runed translucent gate.
  3642 | D:4      | Found a runed translucent gate.
  3643 | D:4      | Found an opulent altar of Gozag.
  3644 | D:4      | Noticed dtburroughs's ghost (novice MiBe)
  3703 | D:4      | Reached skill level 3 in Staves
  3710 | D:4      | Noticed Edmund
  3724 | D:4      | Killed Edmund
  3862 | D:4      | Noticed Sigmund
  3875 | D:4      | Killed Sigmund
  3876 | D:4      | Reached skill level 4 in Staves
  4037 | D:4      | Gained mutation: You are occasionally teleported next to
                  | monsters. [potion of mutation]
  4037 | D:4      | Gained mutation: You are strong-willed. (Will+) [potion of
                  | mutation]
  4037 | D:4      | Gained mutation: Your flesh is heat resistant. (rF+)
                  | [potion of mutation]
  4044 | D:4      | Killed dtburroughs's ghost
  4045 | D:4      | Reached skill level 5 in Staves
  4045 | D:4      | Reached skill level 5 in Dodging
  4045 | D:4      | Reached XP level 8. HP: 67/67 MP: 7/7
  4085 | D:4      | Reached skill level 6 in Staves
  4183 | D:5      | Entered Level 5 of the Dungeon
  4412 | D:5      | Noticed Eustachio
  4429 | D:5      | Killed Eustachio
  4430 | D:5      | Reached skill level 5 in Fighting
  4430 | D:5      | Reached skill level 5 in Armour
  4434 | D:5      | Found Uwe Foh's Book Boutique.
  4510 | D:5      | Found a staircase to the Ecumenical Temple.
  5105 | Temple   | Entered the Ecumenical Temple
  5306 | Temple   | Became a worshipper of Qazlal Stormbringer
  5444 | D:6      | Got a translucent dagger
  5492 | D:6      | Noticed Blork the orc
  5503 | D:6      | Reached skill level 7 in Staves
  5506 | D:6      | Killed Blork the orc
  5511 | D:6      | Found a runed translucent gate.
  5511 | D:6      | Found a runed translucent gate.
  5511 | D:6      | Found a runed translucent gate.
  5520 | D:6      | Noticed vvl's ghost (novice DrIE)
  5537 | D:6      | Noticed Maggie
  5546 | D:6      | Killed Maggie
  5547 | D:6      | Reached skill level 8 in Staves
  5547 | D:6      | Reached XP level 9. HP: 65/75 MP: 8/8
  5665 | D:6      | Reached skill level 1 in Stealth
  5678 | D:6      | Identified the cursed +2 dagger of Qeimioss {freeze, rPois
                  | rF- Dex+2 Stlth+} (You found it on level 6 of the Dungeon)
  5853 | D:6      | Found Beid's Distillery.
  5856 | D:6      | Bought a potion of mutation for 80 gold pieces
  5856 | D:6      | Bought a potion of curing for 30 gold pieces
  5856 | D:6      | Bought a potion of resistance for 100 gold pieces
  5856 | D:6      | Bought a potion of heal wounds for 50 gold pieces
  5856 | D:6      | Lost mutation: You are occasionally teleported next to
                  | monsters. [potion of mutation]
  5856 | D:6      | Lost mutation: Your flesh is heat resistant. (rF+) [potion
                  | of mutation]
  5856 | D:6      | Lost mutation: You are strong-willed. (Will+) [potion of
                  | mutation]
  5856 | D:6      | Gained mutation: You expend magic power (3 MP) to
                  | strengthen your wands. [potion of mutation]
  5856 | D:6      | Gained mutation: You are frail. (-10% HP) [potion of
                  | mutation]
  5856 | D:6      | Gained mutation: You have sharp toenails. [potion of
                  | mutation]
  5856 | D:6      | Gained mutation: You have an increased reservoir of magic.
                  | (+10% MP) [potion of mutation]
  5857 | D:6      | Bought a potion of resistance for 100 gold pieces
  6132 | D:6      | Reached skill level 9 in Staves
  6258 | D:6      | Got a heavy robe
  6264 | D:6      | Identified the +0 robe "Upluf" {Regen+ MP+9} (You found it
                  | on level 6 of the Dungeon)
  6417 | D:6      | Killed vvl's ghost
  6475 | D:7      | Reached * piety under Qazlal
  6492 | D:7      | Found an opulent altar of Gozag.
  6494 | D:7      | Found a glowing golden altar of the Shining One.
  6495 | D:7      | Found an ornate altar of the Wu Jian Council.
  6495 | D:7      | Found a shimmering blue altar of Sif Muna.
  6499 | D:7      | Found a shadowy altar of Dithmenos.
  6500 | D:7      | Found a white marble altar of Elyvilon.
  6575 | D:7      | Got a fading leather armour
  6645 | D:7      | Reached skill level 10 in Staves
  6925 | D:7      | Reached XP level 10. HP: 36/77 MP: 10/10
  6979 | D:7      | Identified the cursed +1 leather armour of Citticas {Dex+3}
                  | (You found it on level 7 of the Dungeon)
  7415 | D:7      | Found a hazy altar of Hepliaklqana.
  7603 | D:8      | Noticed a death yak
  7603 | D:8      | Noticed a death yak
  7603 | D:8      | Noticed a death yak
  7603 | D:8      | Noticed a death yak
  7604 | D:8      | Noticed a death yak
  7622 | D:8      | Noticed a death yak
  7623 | D:8      | Noticed a death yak
  7668 | D:9      | Mangled by a death yak

Illustrated notes

Levels and vault maps discovered:
D:1:      grunt_arrival_crossed_arrows, layout_basic
D:2:      layout_basic, minmay_worlds_worst_comb
D:3:      minmay_chambers_of_twos, layout_loops_cross, uniq_crazy_yiuf_cottage,
          uniq_natasha
D:4:      layout_rooms, ebering_ghost_gozag, uniq_sigmund, uniq_edmund
D:5:      layout_loops_ring, minmay_temple_entry_sparse_star, serial_shops,
          nicolae_shop_trees, uniq_eustachio
D:6:      layout_basic, serial_shops, kennysheep_mini, gammafunk_ghost_split,
          uniq_maggie, uniq_blork_the_orc
D:7:      layout_loops_corners, grunt_temple_overflow_open,
          kennysheep_little_box
D:8:      layout_basic, dpeg_lair_monsters, grunt_dithmenos_shadows,
          uniq_psyche, uniq_joseph, uniq_harold
D:9:      layout_stronghold
Temple:   regret_index_temple_waves

Skill      XL: |  1  2  3  4  5  6  7  8  9 10 |
---------------+-------------------------------+-----
Long Blades    | 4 5 6 |  6.9
Dodging        | 4 5 6 |  6.6
Armour         | 2 3 4 6 7 8 |  8.1
Fighting       | 3 4 5 7 |  7.4
Staves         | 2 5 8 10 | 10.8
Stealth        | 2 |  2.1
Throwing       | |  2.1

Action                   |  1- 3 |  4- 6 |  7- 9 | 10-12 || total
-------------------------+-------+-------+-------+-------++-------
Melee: Long sword        |    78 |    57 |       |       ||   135
       Headbutt          |    16 |    17 |    30 |    13 ||    76
       Quarterstaff      |       |    59 |   209 |    67 ||   335
       Kick              |       |       |    27 |    24 ||    51
  Use: Scroll            |     2 |    10 |     4 |     2 ||    18
       Potion            |       |     7 |    11 |     4 ||    22
 Stab: Paralysed         |       |       |     2 |       ||     2
       Confused          |       |       |     1 |       ||     1
       Invisible         |       |       |     1 |       ||     1
Armor: Leather armour    |    25 |    17 |       |     8 ||    50
       Scale mail        |       |    27 |    63 |     4 ||    94
       Skin              |       |       |    16 |       ||    16
Dodge: Dodged            |    52 |    83 |   144 |    29 ||   308
Block: Other             |       |       |     1 |     2 ||     3
       Rpst.: Long sword |    13 |    12 |       |       ||    25
